Map: 暮色之塔

Players

shengy

  • Race: Zerg Zerg
  • League: Platinum

Crazychris - Winner!

  • Race: Terran Terran
  • League: Diamond

VOD

Have the link to the VOD?

Description

Time

  • Played on: Dec. 31, 2015, 9:55 p.m.
  • Length: 8:27
Show
View Real Time Build Order
Export as new Build Order

shengy Zerg 

Build Orders: Hatch First, Muta Ling Bane 

Get SALT Encoding   

  12  0:01  Drone  
  13  0:10  Drone  
  14  0:17  Overlord  
  14  0:25  Drone, Extractor  
  15  0:35  Drone x2  
  17  0:56  Hatchery  
  16  0:58  Drone  
  16  0:59  Extractor  
  16  1:07  Drone  
  16  1:09  Drone  
  18  1:21  Spawning Pool  
  17  1:33  Drone  
  18  1:47  Drone  
  19  1:59  Overlord  
  19  2:07  Metabolic Boost  
  19  2:09  Queen  
  19  2:11  Queen  
  23  2:24  Baneling Nest, Drone  
  23  2:25  Zergling x2  
  23  2:26  Zergling x2  
  23  2:29  Zergling x2  
  26  2:36  Spore Crawler  
  23  2:52  Drone x3  
  26  2:59  Drone x3  
  26  3:05  Drone  
  30  3:21  Lair  
  30  3:24  Extractor, Drone x3  
  30  3:25  Drone  
  33  3:28  Extractor  
  33  3:32  Overlord  
  32  3:43  Drone  
  33  3:53  Drone x2  
  33  3:54  Drone x4  
  39  4:02  Drone  
  39  4:09  Drone  
  41  4:10  Drone  
  41  4:11  Evolution Chamber x2  
  39  4:21  Drone  
  39  4:22  Spire  
  40  4:24  Drone  
  40  4:27  Drone  
  40  4:30  Drone  
  42  4:31  Drone  
  42  4:36  Overlord  
  43  4:40  Overlord  
  43  4:52  Overlord  
  43  5:04  Drone x2  
  43  5:06  Drone x2  
  43  5:07  Drone  
  48  5:10  Centrifical Hooks  
  48  5:18  Spore Crawler  
  48  5:20  Spore Crawler  
  46  5:24  Spore Crawler  
  45  5:35  Mutalisk x3  
  45  5:36  Mutalisk x2  
  45  5:37  Spore Crawler  
  54  5:51  Mutalisk  
  56  5:59  Drone  
  56  6:00  Drone x5  
  62  6:08  Extractor  
  59  6:23  Hatchery, Overlord x3  
  59  6:25  Zerg Melee Weapons Level 1, Zerg Ground Armor Level 1  
  58  6:28  Zerg Flyer Weapons Level 1, Extractor  
  58  6:31  Extractor  
  57  6:32  Drone  
  57  6:43  Zergling x16  
  65  6:57  Hatchery  
  65  6:59  Overseer  
  64  7:13  Overlord  
  64  7:14  Overlord  
  64  7:15  Zergling x14  
  71  7:27  Zergling x2  
  71  7:28  Zergling x6  
  75  7:35  Baneling x9  
  75  7:36  Baneling x4  
  75  7:39  Baneling  
  75  7:40  Baneling x4  
  75  7:55  Baneling x5  
  75  7:56  Baneling  
  75  8:03  Mutalisk x4  
Show
View Real Time Build Order
Export as new Build Order

Crazychris Terran - Winner!

Build Orders: Reaper Expand, MMM Bio 

Get SALT Encoding   

  12  0:02  SCV  
  13  0:14  SCV  
  13  0:18  Supply Depot  
  14  0:26  SCV  
  15  0:40  SCV  
  15  0:41  Barracks  
  16  0:46  Refinery  
  16  0:52  SCV  
  17  1:04  SCV  
  18  1:17  SCV  
  19  1:29  Reaper  
  19  1:31  Orbital Command  
  20  1:43  Command Center  
  20  1:58  SCV  
  20  1:59  Supply Depot  
  21  2:01  Marine  
  22  2:10  SCV  
  22  2:14  Factory  
  23  2:16  Refinery  
  23  2:22  SCV  
  24  2:30  Barracks Reactor  
  24  2:57  SCV  
  25  2:58  Orbital Command  
  25  2:59  Bunker  
  25  3:00  Factory Tech Lab, Bunker  
  25  3:10  Marine, Starport  
  25  3:11  Marine  
  27  3:18  SCV  
  28  3:28  Siege Tank, Marine x2  
  28  3:34  SCV x2  
  35  3:46  SCV x2  
  37  3:51  Supply Depot  
  36  3:58  Marine x2  
  36  4:00  SCV x2  
  36  4:02  Liberator  
  40  4:03  Supply Depot  
  40  4:07  Supply Depot  
  40  4:08  Siege Tank  
  43  4:13  SCV x2  
  45  4:20  Marine x2  
  50  4:29  Supply Depot  
  50  4:35  SCV  
  50  4:37  SCV, Barracks  
  52  4:38  Barracks  
  52  4:47  SCV  
  52  4:49  Liberator  
  53  4:53  SCV  
  53  4:58  Marine x2, Command Center  
  57  5:00  SCV  
  60  5:21  Marine x2  
  62  5:33  Siege Tank  
  62  5:34  Barracks Tech Lab x2  
  65  5:36  SCV x2  
  65  5:40  Barracks  
  65  5:41  Barracks  
  65  5:42  Engineering Bay  
  67  5:43  Engineering Bay  
  67  5:48  Marine x2  
  67  5:49  SCV x2  
  71  5:52  Refinery x2  
  71  5:54  Supply Depot  
  71  5:55  Supply Depot  
  71  5:56  Stimpack  
  71  5:59  Starport Reactor  
  71  6:05  Combat Shields  
  71  6:24  SCV x2  
  73  6:28  Barracks Reactor x2  
  73  6:29  Marine  
  73  6:30  Marine x3  
  73  6:32  Orbital Command  
  77  6:36  SCV  
  78  6:45  SCV  
  79  6:47  Marine x2  
  79  6:48  SCV, Marine x2  
  79  6:49  Medivac  
  86  6:55  Refinery x2  
  86  6:57  SCV  
  86  6:58  SCV  
  86  6:59  Supply Depot x2  
  86  7:00  Supply Depot  
  86  7:01  SCV  
  89  7:05  Marine x4  
  89  7:06  Marine x3  
  96  7:08  Medivac  
  96  7:09  SCV  
  96  7:10  SCV  
  100  7:15  Supply Depot  
  100  7:17  Supply Depot  
  97  7:24  Missile Turret  
  97  7:25  Missile Turret  
  97  7:27  Missile Turret  
  97  7:28  Marine x2  
  97  7:29  Missile Turret, Marine  
  100  7:33  Medivac  
  102  7:37  Missile Turret  
  102  7:40  Missile Turret  
  102  7:43  Marine  
  103  7:44  Missile Turret  
  103  7:54  Marine x2  
  103  7:55  Marine x5  
  110  8:01  SCV x3, Marine  
  114  8:13  Missile Turret, SCV  
  114  8:14  Missile Turret  
  114  8:17  Missile Turret  
  114  8:18  Armory  
Tags
 
Add a new tag
Caveats
  • Supply blocks, unpowered buildings, or Contaminate may cause inaccurate times.
  • Supply counts are checked every 10 seconds.